 Dungeon Crawl Stone Soup version 0.31.0-12-g77e489cdc1 (webtiles) character file.

Game seed: 4599805845139661000

1749 Arctor the Magician (level 8, -4/41 HPs)
             Began as a Deep Elf Fire Elementalist on Feb 13, 2024.
             Slain by Joseph
             ... wielding a +0 quarterstaff
              (8 damage)
             ... on level 7 of the Dungeon.
             The game lasted 00:10:46 (8808 turns).

Arctor the Magician (Deep Elf Fire Elementalist)    Turns: 8808, Time: 00:10:46

Health: -4/41      AC:  3    Str:  5    XL:     8   Next: 78%
Magic:  0/20       EV: 15    Int: 23    God:
Gold:   296        SH:  0    Dex: 15    Spells: 8/21 levels left

rFire   . . .        c - +1 club (heavy)
rCold   . . .        (no shield)
rNeg    . . .        a - +0 robe
rPois   .            (no helmet)
rElec   .            (no cloak)
rCorr   .            (no gloves)
SInv    .            s - +0 pair of boots
Will    .....        (no amulet)
Stlth   +++          (no ring)
HPRegen 0.26/turn    (no ring)
MPRegen 0.17/turn

%: no passive effects
@: no status effects
A: no striking features
a: no special abilities


You were on level 7 of the Dungeon.
You visited 1 branch of the dungeon, and saw 7 of its levels.

You collected 296 gold pieces.

Inventory:

Hand Weapons
 c - a +1 heavy club (weapon)
Missiles
 z - a throwing net
Armour
 a - a +0 robe (worn)
 s - a +0 pair of boots (worn)
Magical Staves
 y - a staff of air
Jewellery
 n - a ring of ice
Wands
 m - a wand of acid (6)
 o - a wand of charming (4)
Scrolls
 f - 3 scrolls of summoning
 i - 3 scrolls of immolation
 j - 4 scrolls of teleportation {unknown}
 l - 4 scrolls of blinking {unknown}
 q - a scroll of enchant weapon
 r - a scroll of identify
 t - 2 scrolls of fog
 u - a scroll of torment
 v - a scroll of amnesia
Potions
 b - 2 potions of magic
 d - a potion of invisibility {unknown}
 e - 3 potions of attraction {unknown}
 g - 6 potions of curing {unknown}
 h - 6 potions of heal wounds {unknown}
 k - 2 potions of lignification {unknown}
 p - a potion of resistance {unknown}
 w - a potion of might {unknown}
 x - a potion of ambrosia {unknown}


   Skills:
 + Level 6.3 Dodging
 + Level 6.8 Stealth
 + Level 7.1 Spellcasting
 + Level 5.3 Conjurations
 + Level 6.3 Fire Magic
 + Level 2.1 Air Magic


You had 8 spell levels left.
You knew the following spells:

 Your Spells              Type           Power      Damage    Failure   Level
a - Foxfire               Conj/Fire      100%       2x1d9     1%          1
b - Scorch                Fire           74%        2d8       1%          2
c - Flame Wave            Conj/Fire      35%        2d10      7%          4
d - Static Discharge      Conj/Air       50%        3-6/arc   2%          2
e - Airstrike             Air            9%         2d(2-18)  30%         4

Your spell library contained the following spells:

 Spells                   Type           Power      Damage    Failure   Level
 Inner Flame              Hex/Fire       22%        N/A       6%          3
 Volatile Blastmotes      Fire/Tloc      44%        2d13      6%          3
 Summon Lightning Spire   Summ/Air       13%        N/A       43%         4
 Animate Armour           Summ/Erth      16%        N/A       58%         4
 Lee's Rapid Deconstruct  Erth           4%         3d5*      91%         5


Dungeon Overview and Level Annotations

Branches:
Dungeon (7/15)             Temple (0/1) D:4

Altars:

Annotations:
D:6 2 runed translucent doors, Biggs's ghost, novice TrBe; Duvessa
D:7 exclusion: upstairs, Joseph


Message History

Joseph shoots a sling bullet.
The sling bullet hits you!!
You conjure some foxfire!
Joseph shoots a sling bullet.
The sling bullet closely misses you. The sling bullet hits your foxfire!!
Casting: Foxfire (safe; 1% risk of failure)
Confirm with . or Enter, or press ? or * to list all spells.
Flames lash Joseph.
Joseph is burned terribly!
Joseph is severely wounded.
The foxfire hits Joseph but does no damage.
Joseph is severely wounded.
Casting: Scorch (safe; 1% risk of failure)
Confirm with . or Enter, or press ? or * to list all spells.
Flames lash Joseph.
Joseph is burned terribly!
Joseph is almost dead.
Joseph unwields a +0 sling.
Joseph wields a +0 quarterstaff.
Joseph hits you with a +0 quarterstaff.
Casting: Scorch (safe; 1% risk of failure)
Confirm with . or Enter, or press ? or * to list all spells.
Flames lash Joseph.
Joseph is burned terribly!
Joseph is almost dead.
Joseph barely misses you.
You are too injured to fight recklessly!
Casting: Scorch (safe; 1% risk of failure)
Confirm with . or Enter, or press ? or * to list all spells.
You conjure some foxfire!
Joseph hits you with a +0 quarterstaff!
* * * LOW HITPOINT WARNING * * *
Casting: Foxfire (safe; 1% risk of failure)
Confirm with . or Enter, or press ? or * to list all spells.
You don't have enough magic to cast this spell.
You hit Joseph but do no damage. You punch Joseph, but do no damage.
Joseph is almost dead.
The foxfire hits Joseph.
Joseph is burned terribly!
Joseph is almost dead.
The foxfire hits Joseph but does no damage.
Joseph is almost dead.
Joseph barely misses you. Joseph hits you with a +0 quarterstaff!
* * * LOW HITPOINT WARNING * * *
Okay, then.
As you read the scroll of summoning, it crumbles to dust.
Wisps of shadow whirl around you... Joseph hits you with a +0 quarterstaff!
You die...

... ...... . ..
...... ..#..
...... #.... ....
#.... .... #...#
##.#≈≈
##..o@####.##≈#
#....o@.h..##≈#
......o.Y##.##≈#
......#####..#≈#
#≈.≈# .....#
##.#≈#####≈.≈#
.....
#..≈≈≈≈≈≈≈)≈≈
....
#............ ...
.###....####....
...
................
.................


You could see Joseph (combustible, ally target), a friendly ice beast
(summoned), a friendly hound (summoned), a friendly orc wizard (summoned) and 2
friendly orcs.

Vanquished Creatures
  Prince Ribbit (D:7)
  2 water moccasins
  2 ice beasts
  A black bear (D:6)
  3 ogres
  2 scorpions
  Dowan (D:6)
  A bombardier beetle (D:5)
  An electric eel (D:7)
  A howler monkey (D:6)
  An orc priest (D:5)
  2 hounds
  2 gnoll boudas
  2 iguanas
  An orc wizard (D:5)
  13 gnolls
  6 adders
  A shadow imp (D:5)
  A white imp (D:5)
  2 ufetubi (D:7)
  4 ribbon worms
  2 dart slugs (D:1)
  7 orcs
  9 endoplasms
  3 giant cockroaches
  7 goblins
  6 hobgoblins
  4 quokkas
  8 ball pythons
  7 bats
  2 frilled lizards
  12 kobolds
  5 rats
  A butterfly (D:4)
123 creatures vanquished.

Vanquished Creatures (collateral kills)
  A foxfire (D:4)
1 creature vanquished.

Vanquished Creatures (others)
  854 foxfires
854 creatures vanquished.

Grand Total: 978 creatures vanquished

Notes
Turn   | Place    | Note
-------+----------+-------------------------------------------
     0 | D:1      | Arctor the Deep Elf Fire Elementalist began the quest for
                  | the Orb.
     0 | D:1      | Reached XP level 1. HP: 10/10 MP: 6/6
   325 | D:1      | Reached XP level 2. HP: 15/15 MP: 1/8
   463 | D:1      | Learned a level 2 spell: Scorch
   504 | D:1      | Found a faded altar of an unknown god.
  1008 | D:1      | Reached XP level 3. HP: 19/19 MP: 6/9
  2666 | D:2      | Reached XP level 4. HP: 24/24 MP: 7/11
  3654 | D:3      | Reached skill level 4 in Spellcasting
  4440 | D:3      | Reached XP level 5. HP: 28/28 MP: 10/13
  4776 | D:4      | Identified the +3 dagger of the Solstice {elec, rElec rF+}
  5270 | D:4      | Found a staircase to the Ecumenical Temple.
  5408 | D:4      | You fall into a shaft and drop 3 floors!
  5545 | D:6      | Reached XP level 6. HP: 32/32 MP: 9/14
  5579 | D:6      | Found a large runed translucent door.
  5718 | D:6      | Found a large runed translucent door.
  5719 | D:6      | Noticed Biggs's ghost (novice TrBe)
  5828 | D:6      | Noticed an ice beast
  5836 | D:6      | Killed an ice beast
  5837 | D:6      | Reached skill level 5 in Spellcasting
  5951 | D:6      | Reached XP level 7. HP: 36/36 MP: 8/16
  6032 | D:6      | Reached skill level 5 in Stealth
  6032 | D:6      | Reached skill level 5 in Fire Magic
  6147 | D:6      | Reached skill level 5 in Dodging
  6235 | D:6      | Identified the +3 hand axe "Zoryojimua" {spect, rElec
                  | rPois}
  6259 | D:6      | Noticed Dowan
  6261 | D:6      | Noticed Duvessa
  6270 | D:5      | Entered Level 5 of the Dungeon
  7092 | D:5      | Reached skill level 6 in Spellcasting
  7257 | D:5      | Reached XP level 8. HP: 41/41 MP: 12/19
  7262 | D:5      | Learned a level 4 spell: Flame Wave
  7265 | D:5      | Learned a level 2 spell: Static Discharge
  7270 | D:5      | Learned a level 4 spell: Airstrike
  7552 | D:5      | Reached skill level 1 in Air Magic
  8208 | D:6      | Killed Dowan
  8272 | D:7      | Reached skill level 5 in Conjurations
  8666 | D:7      | Noticed Prince Ribbit
  8672 | D:7      | Killed Prince Ribbit
  8673 | D:7      | Reached skill level 7 in Spellcasting
  8795 | D:7      | Noticed Joseph
  8808 | D:7      | Slain by Joseph

Illustrated notes

Levels and vault maps discovered:
D:1:      roderic_dead_forest, layout_loops_ring,
          ebering_ecumenical_altar_abandoned
D:2:      layout_loops_ring, minmay_puff
D:3:      layout_loops_ring
D:4:      layout_loops_ring, minmay_temple_entry_butterflies, st_stairs_11
D:5:      nicolae_cairo_tiling_large, layout_basic
D:6:      layout_rooms, ebering_ghost_disaster_area, uniq_duvessa
D:7:      layout_layer_cave, nicolae_overflow_two_pavilions,
          uniq_prince_ribbit1, uniq_joseph

Skill      XL: |  1  2  3  4  5  6  7  8 |
---------------+-------------------------+-----
Stealth        | 3 4 5 6 |  6.8
Dodging        | 3 4 5 6 |  6.3
Conjurations   | 2 3 4 5 |  5.3
Fire Magic     | 4 5 6 |  6.3
Spellcasting   | 4 5 6 7 |  7.1
Air Magic      | 2 |  2.1

Action                     |  1- 3 |  4- 6 |  7- 9 || total
---------------------------+-------+-------+-------++-------
  Melee: Unarmed           |     8 |       |       ||     8
         Club              |     1 |    11 |     1 ||    13
         Punch             |       |       |     1 ||     1
   Cast: Foxfire           |   153 |   209 |   165 ||   527
         Scorch            |     2 |    11 |    27 ||    40
    Use: Scroll            |       |     6 |     3 ||     9
 Armour: Robe              |    11 |    18 |    29 ||    58
  Dodge: Dodged            |    16 |    23 |    20 ||    59
